 Dungeon Crawl Stone Soup version 0.21.1-1-g345015f (webtiles) character file.

89 Firecrotchwizard the Charmwright (level 4, 0/38 HPs)
             Began as a Gnoll Skald on Apr 8, 2018.
             Slain by a sky beast (5 damage)
             ... on level 2 of the Dungeon.
             The game lasted 00:03:44 (1621 turns).

Firecrotchwizard the Charmwright (Gnoll Skald)      Turns: 1621, Time: 00:03:45

Health: 0/38       AC:  3    Str: 13    XL:     4   Next: 55%
Magic:  9/11       EV: 17    Int: 17    God:
Gold:   49         SH:  0    Dex: 14    Spells: 4/13 levels left

rFire    . . .     SeeInvis .   a - +0 spear
rCold    . . .     Gourm    .   (no shield)
rNeg     . . .     Faith    .   b - +0 leather armour
rPois    .         Spirit   .   (no helmet)
rElec    .         Reflect  .   (no cloak)
rCorr    .         Harm     .   (no gloves)
MR       .....                  (no boots)
Stlth    +.........             (no amulet)
HPRegen  0.12/turn              k - +3 ring of evasion
MPRegen  0.12/turn              (no ring)

@: infused
A: distributed training, fangs 1, strong nose
a: no special abilities


You were on level 2 of the Dungeon.
You were hungry.

You visited 1 branch of the dungeon, and saw 2 of its levels.

You collected 49 gold pieces.

Inventory:

Hand Weapons
 a - a +0 spear (weapon)
 j - a +2 short sword of distortion {!w}
   (You took it off a kobold on level 1 of the Dungeon)
 m - a +1 dagger of freezing
   (You found it on level 1 of the Dungeon)
Armour
 b - a +0 leather armour (worn)
Jewellery
 f - an uncursed amulet of harm {unknown}
   (You found it on level 2 of the Dungeon)
 k - a +3 ring of evasion (left hand)
   (You found it on level 1 of the Dungeon)
Scrolls
 h - a scroll of enchant weapon {unknown}
 l - a scroll of noise {unknown}
 o - a scroll of identify {unknown}
Potions
 e - 4 potions of curing {unknown}
 g - a potion of degeneration {unknown}
 i - a potion of agility {unknown}
 n - a potion of might {unknown}
Books
 c - a book of Battle
Comestibles
 d - 4 rations {@e1}
 p - 2 chunks of flesh {@w0}


   Skills:
 + Level 4.6 Fighting
 + Level 1.1 Short Blades
 + Level 1.1 Long Blades
 + Level 1.1 Axes
 + Level 1.1 Maces & Flails
 + Level 4.6 Polearms
 + Level 1.1 Staves
 + Level 1.1 Slings
 + Level 1.1 Bows
 + Level 1.1 Crossbows
 + Level 1.1 Throwing
 + Level 2.7 Armour
 + Level 4.6 Dodging
 + Level 1.1 Stealth
 + Level 1.1 Shields
 + Level 1.1 Unarmed Combat
 + Level 5.1 Spellcasting
 + Level 0.9 Conjurations
 + Level 0.9 Hexes
 + Level 5.4 Charms
 + Level 0.9 Summonings
 + Level 0.9 Necromancy
 + Level 0.9 Translocations
 + Level 0.9 Transmutations
 + Level 0.9 Fire Magic
 + Level 0.9 Ice Magic
 + Level 0.9 Air Magic
 + Level 0.9 Earth Magic
 + Level 0.9 Poison Magic
 + Level 1.2 Invocations
 + Level 1.1 Evocations


You had 4 spell levels left.
You knew the following spells:

 Your Spells              Type           Power        Failure   Level  Hunger
a - Infusion              Chrm           ###.         1%          1    None
r - Regeneration          Chrm/Necr      ###.......   14%         3    ###....
s - Shroud of Golubria    Chrm/Tloc      ###.......   7%          2    #......
z - Spectral Weapon       Hex/Chrm       ###.....     14%         3    ###....


Dungeon Overview and Level Annotations

Branches:
Dungeon (2/15)

Altars:


Innate Abilities, Weirdness & Mutations

Your experience applies equally to all skills.
You have very sharp teeth.
Your uncanny sense of smell can sniff out nearby items.


Message History

You hit the hobgoblin. You barely miss the hobgoblin.
The hobgoblin closely misses you.
You closely miss the hobgoblin. The hobgoblin completely misses you.
You closely miss the hobgoblin. The hobgoblin misses you.
You hit the hobgoblin but do no damage.
You punch the hobgoblin, but do no damage.
You barely miss the hobgoblin. The hobgoblin closely misses you.
You closely miss the hobgoblin. The hobgoblin closely misses you.
You hit the hobgoblin.
You kill the hobgoblin!
No target in view!
No target in view!
o - a scroll labeled MUL QYTEPS
Things that are here:
a hand axe; a hobgoblin corpse You butcher the hobgoblin corpse.
p - 2 chunks of flesh {@w0}
Things that are here:
a hand axe; a hobgoblin skeleton
Things that are here:
a hand axe; a hobgoblin skeleton A hobgoblin comes into view.
A hobgoblin is nearby!
Attack whom?
Aim: a hobgoblin You reach to attack!
You hit the hobgoblin. You hit the hobgoblin. The hobgoblin misses you.
You hit the hobgoblin but do no damage. The hobgoblin completely misses you.
You closely miss the hobgoblin. The hobgoblin closely misses you.
A hobgoblin is nearby!
You hit the hobgoblin but do no damage. You hit the hobgoblin.
You kill the hobgoblin!
A rat comes into view.
A jackal comes into view.
The jackal barks!
A sky beast comes into view.
There are monsters nearby!
Attack whom?
Aim: a rat You reach to attack!
You hit the rat.
You kill the rat!
Attack whom?
Aim: a jackal You reach to attack!
You hit the jackal.
A jackal comes into view.
The jackal barks!
You hit the jackal. Your bite misses the jackal. The jackal closely misses you.
You hit the jackal but do no damage. You bite the jackal, but do no damage.
The jackal barely misses you.
The sky beast flickers out of sight!
Deactivating autopickup; reactivate with Ctrl-A.
You hit the jackal. The jackal misses you. The jackal barely misses you.
You closely miss the jackal.
A sky beast appears from thin air!
Reactivating autopickup.
The jackal misses you.
You closely miss the jackal. The jackal misses you.
The jackal closely misses you. The jackal barely misses you.
You see here a rat corpse.
You butcher the rat corpse.
The jackal bites you. The jackal misses you. The jackal closely misses you.
Things that are here:
a chunk of flesh {@w0}; a rat skeleton You take 2 damage, and have 36/38 hp.
The jackal bites you.
You take 2 damage, and have 34/38 hp.
Your leather armour prevents you from hitting the jackal.
The sky beast flickers out of sight!
Deactivating autopickup; reactivate with Ctrl-A.
The jackal barely misses you.
You barely miss the jackal. The jackal misses you.
You hit the jackal.
You kill the jackal!
You hit the jackal but do no damage. The jackal completely misses you.
You hit the jackal. The jackal misses you. The jackal completely misses you.
Your leather armour prevents you from hitting the jackal.
The jackal completely misses you.
You hit the jackal.
You kill the jackal!
You miss something. You bite something. Something hits you.
Something shocks you.
You take 8 damage, and have 27/38 hp.
MASSIVE DAMAGE!!
You begin infusing your attacks with magical energy.
Something hits you. Something shocks you.
You take 10 damage, and have 17/38 hp.
MASSIVE DAMAGE!!
You now have 10/11 mp.
You hit something.
You now have 9/11 mp.
You completely miss something. Something hits you. Something shocks you.
* * * LOW HITPOINT WARNING * * *
You take 9 damage, and have 9/38 hp.
MASSIVE DAMAGE!!
You completely miss something. Something barely misses you.
You are feeling hungry.
You hit something. You bite something. Something barely misses you.
You closely miss something. Something hits you.
* * * LOW HITPOINT WARNING * * *
Something shocks you.
You die...

.### ... .# # .# .###.#
.# ...#.#.. ## .......
......# .....##
..#########.......
#......@{%.##..#
##########..#.# #). ####
##..≈##....# .>.#
##.....# ##.######
###..###....) ##..)...#
###...## .... #######.##
##.....# .. .
#..######..##.##
.#######)(...#..##..#####


There were no monsters in sight!

Vanquished Creatures
  3 adders (D:2)
  2 worms
  3 dart slugs (D:1)
  2 leopard geckos (D:1)
  An orc (D:2)
  3 giant cockroaches (D:1)
  4 goblins
  7 hobgoblins
  2 jackals (D:2)
  9 kobolds
  5 bats (D:1)
  4 rats
45 creatures vanquished.

Vanquished Creatures (others)
  A jackal (D:2)
  A frilled lizard (D:2)
2 creatures vanquished.

Grand Total: 47 creatures vanquished

Notes
Turn   | Place    | Note
-------+----------+-------------------------------------------
     0 | D:1      | Firecrotchwizard the Gnoll Skald began the quest for the Orb.
     0 | D:1      | Reached XP level 1. HP: 20/20 MP: 6/6
   304 | D:1      | Reached XP level 2. HP: 26/26 MP: 4/7
   471 | D:1      | Learned a level 2 spell: Shroud of Golubria
   571 | D:1      | Reached XP level 3. HP: 31/31 MP: 9/9
   671 | D:1      | Learned a level 3 spell: Regeneration
   675 | D:1      | Learned a level 3 spell: Spectral Weapon
   729 | D:1      | Reached skill level 5 in Spellcasting
   861 | D:1      | Reached skill level 1 in Invocations
  1240 | D:2      | Reached skill level 1 in Short Blades
  1240 | D:2      | Reached skill level 1 in Long Blades
  1240 | D:2      | Reached skill level 1 in Axes
  1240 | D:2      | Reached skill level 1 in Maces & Flails
  1240 | D:2      | Reached skill level 1 in Staves
  1240 | D:2      | Reached skill level 1 in Slings
  1240 | D:2      | Reached skill level 1 in Bows
  1240 | D:2      | Reached skill level 1 in Crossbows
  1240 | D:2      | Reached skill level 1 in Throwing
  1240 | D:2      | Reached skill level 1 in Stealth
  1240 | D:2      | Reached skill level 1 in Shields
  1240 | D:2      | Reached skill level 1 in Unarmed Combat
  1240 | D:2      | Reached skill level 1 in Evocations
  1298 | D:2      | Reached XP level 4. HP: 29/38 MP: 6/11
  1595 | D:2      | Noticed a sky beast
  1618 | D:2      | HP: 9/38 [something (6)]
  1621 | D:2      | Slain by a sky beast

Skill      XL: |  1  2  3 |
---------------+----------+-----
Spellcasting   | 5 |  5.1
Invocations    | 1 |  1.2
Short Blades   | 1 |  1.1
Long Blades    | 1 |  1.1
Axes           | 1 |  1.1
Maces & Flails | 1 |  1.1
Staves         | 1 |  1.1
Slings         | 1 |  1.1
Bows           | 1 |  1.1
Crossbows      | 1 |  1.1
Throwing       | 1 |  1.1
Stealth        | 1 |  1.1
Shields        | 1 |  1.1
Unarmed Combat | 1 |  1.1
Evocations     | 1 |  1.1
Fighting       | |  4.6
Polearms       | |  4.6
Armour         | |  2.7
Dodging        | |  4.6
Conjurations   | |  0.9
Hexes          | |  0.9
Charms         | |  5.4
Summonings     | |  0.9
Necromancy     | |  0.9
Translocations | |  0.9
Transmutations | |  0.9
Fire Magic     | |  0.9
Ice Magic      | |  0.9
Air Magic      | |  0.9
Earth Magic    | |  0.9
Poison Magic   | |  0.9

Action                   |  1- 3 |  4- 6 || total
-------------------------+-------+-------++-------
Melee: Spear             |   107 |    73 ||   180
       Bite              |     7 |     7 ||    14
       Punch             |       |     1 ||     1
 Cast: Infusion          |     8 |     3 ||    11
       Spectral Weapon   |     1 |       ||     1
 Stab: Sleeping          |     1 |       ||     1
  Eat: Chunk             |     1 |     1 ||     2
Armor: Leather armour    |    13 |     4 ||    17
Dodge: Dodged            |    38 |    53 ||    91

Vault maps used:
D:1:      minmay_arrival_open_corners, hex_large, minmay_pentomino_p4
D:2:      first_ration, lemuel_flame_loot_1

Table legend:
 A = Turns spent in this place as a percentage of turns spent in the entire game.
 B = Non-inter-level travel turns spent in this place as a percentage of non-inter-level travel turns spent in the entire game.
 C = Inter-level travel turns spent in this place as a percentage of turns spent in this place.
 D = Turns resting spent in this place as a percentage of non-inter-level travel turns spent in this place.
 E = Turns spent auto-exploring this place as a percentage of non-inter-level travel turns spent in this place.
 F = Non-inter-level travel turns spent in this place divided by the number of levels of this place that you've seen.
                   A       B       C       D       E      F
               +-------+-------+-------+-------+-------+----------------------
         Total | 100.0 | 100.0 |   1.5 |  35.6 |  41.0 | 798.5
       Dungeon | 100.0 | 100.0 |   1.5 |  35.6 |  41.0 | 798.5
               +-------+-------+-------+-------+-------+----------------------

Table legend:
 A = Kills in this place as a percentage of kills in entire the game.
 B = Kills by you in this place as a percentage of kills by you in the entire game.
 C = Kills by friends in this place as a percentage of kills by friends in the entire game.
 D = Other kills in this place as a percentage of other kills in the entire game.
 E = Experience gained in this place as a percentage of experience gained in the entire game.
 F = Experience gained in this place divided by the number of levels of this place that you have seen.
                   A       B       C       D       E      F
               +-------+-------+-------+-------+-------+----------------------
         Total | 100.0 | 100.0 |   N/A |   N/A | 100.0 |  64.0
       Dungeon | 100.0 | 100.0 |   N/A |   N/A | 100.0 |  64.0
               +-------+-------+-------+-------+-------+----------------------
